 Dungeon Crawl Stone Soup version 0.31-b1-22-gc680215f68 (webtiles) character file.

Game seed: 9827769274040609091

11825 groovy9 the Severer (level 11, -4/104 HPs)
             Began as a Hill Orc Berserker on Jan 19, 2024.
             Was a Priest of Trog.
             Slain by a lorocyproca (24 damage)
             ... summoned by a deep elf demonologist
             ... on level 1 of the Abyss.
             The game lasted 00:38:14 (9383 turns).

groovy9 the Severer (Hill Orc Berserker)            Turns: 9383, Time: 00:38:15

Health: -4/104     AC: 19    Str: 25    XL:     11   Next: 83%
Magic:  0/11       EV: 16    Int:  7    God:    Trog [***...]
Gold:   481        SH:  0    Dex: 10    Spells: 10/10 levels left

rFire   . . .        x - +3 battleaxe
rCold   . . .        (shield currently unavailable)
rNeg    . . .        z - +0 swamp dragon scales
rPois   +            i - +1 helmet
rElec   .            n - +2 cloak {rCorr}
rCorr   +            b - +0 pair of gloves
SInv    +            e - +0 pair of boots
Will    .....        (no amulet) Stlth
                     k - +5 ring of evasion
HPRegen 0.37/turn    g - ring of see invisible
MPRegen 0.12/turn

%: no passive effects
@: no status effects
A: no striking features
a: Renounce Religion, Berserk, Trog's Hand


You were on level 1 of the Abyss.
You worshipped Trog.
Trog was most pleased with you.
You visited 2 branches of the dungeon, and saw 10 of its levels.
You visited the Abyss 1 time.

You collected 481 gold pieces.

Inventory:

Hand Weapons
 x - a +3 battleaxe (weapon)
 H - a +3 battleaxe
Armour
 b - a +0 pair of gloves (worn)
 e - a +0 pair of boots (worn)
 i - a +1 helmet (worn)
 l - a scarf of repulsion
 n - a +2 cloak of preservation (worn)
 z - +0 swamp dragon scales (worn)
Jewellery
 g - a ring of see invisible (right hand)
 k - a +5 ring of evasion (left hand)
 v - a ring of protection from cold
Wands
 a - a wand of paralysis (4)
 p - a wand of light (20)
 t - a wand of iceblast (21)
 A - a wand of mindburst (12)
 G - a wand of flame (20)
Scrolls
 d - a scroll of identify
 j - 3 scrolls of blinking
 o - 2 scrolls of teleportation
 w - 2 scrolls of fear
Potions
 c - 3 potions of curing
 f - 2 potions of lignification
 h - 2 potions of enlightenment
 m - a potion of haste {unknown}
 q - 2 potions of heal wounds
 r - a potion of attraction {unknown}
 B - a potion of invisibility {unknown}
 E - a potion of mutation {unknown}


   Skills:
 + Level 11.7 Fighting
 * Level 17.1 Axes
 + Level 10.4 Armour
 - Level 1.5 Dodging


You had 10 spell levels left.
You didn't know any spells.
Your spell library was empty.

Dungeon Overview and Level Annotations

Branches:
Dungeon (9/15)             Temple (1/1) D:5            Lair (0/5) D:9
    Orc: D:9-12

Altars:
Ashenzari
Cheibriados
Dithmenos
Fedhas
Gozag
Hepliaklqana
Kikubaaqudgha
Makhleb
Nemelex Xobeh
Okawaru
Qazlal
Ru
Sif Muna
Trog
Uskayaw
Vehumet
Wu Jian
Xom
Yredelemnul
Zin
The Shining One

Shops:
D:3 *   D:5 !   D:6 =   D:8 (

Annotations:
D:9 Erolcha


Message History

You slice the tentacled starspawn!!
The tentacled starspawn is almost destroyed.
You slice the starspawn tentacle!!
You destroy the starspawn tentacle!
You destroy the tentacled starspawn!
Trog accepts your kill.
Your Axes skill increases to level 17!
You hit the deep elf demonologist but do no damage.
The deep elf demonologist mumbles some strange words.
You slice the deep elf demonologist!!
The deep elf demonologist is moderately wounded.
The deep elf demonologist hits you but does no damage.
You barely miss the deep elf demonologist.
The deep elf demonologist is moderately wounded.
You closely miss the lorocyproca. You slash the Hell Sentinel!
The Hell Sentinel is lightly wounded.
You miss the lorocyproca.
The lorocyproca hits you but does no damage.
You hit the Hell Sentinel but do no damage.
The Hell Sentinel is lightly wounded.
You hit the chaos spawn. You slash the lorocyproca! The lorocyproca hits you!!
You feel your power leaking away. The Hell Sentinel hits you!!
The Hell Sentinel barely misses you. The chaos spawn closely misses you.
You slash the Hell Sentinel!
The Hell Sentinel is lightly wounded.
You completely miss the chaos spawn. You slice the deep elf demonologist!!
You hit the lorocyproca but do no damage.
The deep elf demonologist hits you but does no damage.
The lorocyproca closely misses you. The Hell Sentinel closely misses you.
The Hell Sentinel hits you!
You hit the Hell Sentinel.
The Hell Sentinel is lightly wounded.
You closely miss the deep elf demonologist.
You slash the lorocyproca! You slash the chaos spawn!
The chaos spawn pecks you! The chaos spawn freezes you!
* * * LOW HITPOINT WARNING * * *
The deep elf demonologist casts a spell.
The lorocyproca hits you!!
You die...

.. ... ... .# .
....# # # ...
#.....# .. #...
.. # ##
##...##.# #
...####..# ###
#
.........#...##
. #.#...21e3#..
# #.....#@#...
... .
..#..4.......#
#
.##.#.....#.#.
##.
##....##...# .
.#.##'..#..
§.... #### . #
.4.#... #.§....
. ## ###..


You could see a Hell Sentinel (summoned), a lorocyproca (summoned, invisible), a
deep elf demonologist, a ynoxinul (summoned) and a chaos spawn.

Vanquished Creatures
  2 tentacled starspawn (Abyss:1)
  A two-headed ogre (D:6)
  The ghost of Kazon the Chopper, a novice OnGl (D:6)
  An ugly thing (D:6)
  The ghost of Weaver the Ruffian, a novice TrGl (D:6)
  Joseph (D:7)
  Maggie (D:7)
  A kobold demonologist (D:9)
  Jeremiah (D:7)
  A troll (D:6)
  10 yaks
  A wraith (D:6)
  2 ynoxinuls (Abyss:1)
  A warg (D:9)
  A small abomination (Abyss:1)
  A water moccasin (D:9)
  An acid dragon (D:9)
  Duvessa (D:5)
  An ice beast (D:6)
  A sky beast (D:6)
  2 orc warriors
  3 black bears
  4 wolves
  2 ogres
  4 centaurs
  A phantom (D:5)
  A kobold brigand (D:7)
  2 scorpions (D:4)
  5 bullfrogs
  3 gnoll sergeants
  5 wights
  Dowan (D:5)
  5 killer bees (D:9)
  2 howler monkeys
  3 hounds
  3 jellies
  7 orc priests
  A bombardier beetle (D:4)
  Crazy Yiuf (D:5)
  3 gnoll boudas
  A sleepcap (D:4)
  5 iguanas
  7 orc wizards
  7 adders
  19 gnolls
  5 white imps
  An ufetubus (D:6)
  3 dart slugs
  A ribbon worm (D:4)
  31 orcs
  3 bats
  3 endoplasms
  3 giant cockroaches
  3 goblins
  4 hobgoblins
  6 jackals
  2 quokkas
  A ball python (D:3)
  4 frilled lizards
  8 kobolds
  5 rats
  4 starspawn tentacles (Abyss:1)
215 creatures vanquished.

Vanquished Creatures (others)
  A yak (D:8)
  A starspawn tentacle (Abyss:1)
2 creatures vanquished.

Grand Total: 217 creatures vanquished

Notes
Turn   | Place    | Note
-------+----------+-------------------------------------------
     0 | D:1      | groovy9 the Hill Orc Berserker began the quest for the Orb.
     0 | D:1      | Reached XP level 1. HP: 19/19 MP: 1/1
   151 | D:1      | Reached XP level 2. HP: 27/27 MP: 2/2
   429 | D:1      | Reached XP level 3. HP: 29/33 MP: 3/3
   908 | D:2      | Reached skill level 5 in Axes
  1192 | D:2      | Reached ** piety under Trog
  1354 | D:2      | Reached XP level 4. HP: 36/40 MP: 4/4
  2283 | D:3      | Found Sevvil's General Store.
  2612 | D:4      | Reached skill level 6 in Axes
  2612 | D:4      | Reached XP level 5. HP: 47/47 MP: 5/5
  2800 | D:4      | Reached skill level 5 in Fighting
  2800 | D:4      | Reached XP level 6. HP: 56/56 MP: 6/6
  2833 | D:4      | Reached skill level 7 in Axes
  3220 | D:4      | Reached XP level 7. HP: 61/61 MP: 7/7
  3589 | D:5      | Entered Level 5 of the Dungeon
  3729 | D:5      | Found Viyps's Distillery.
  3751 | D:5      | Reached skill level 8 in Axes
  3926 | D:5      | Reached skill level 5 in Armour
  4175 | D:5      | Found a shimmering altar of Xom.
  4175 | D:5      | Found a glowing silver altar of Zin.
  4175 | D:5      | Found a bloodstained altar of Trog.
  4175 | D:5      | Found a sacrificial altar of Ru.
  4186 | D:5      | Found a sparkling altar of Nemelex Xobeh.
  4186 | D:5      | Found an ornate altar of the Wu Jian Council.
  4222 | D:5      | Found a runed translucent door.
  4223 | D:5      | Noticed Crazy Yiuf
  4235 | D:5      | Killed Crazy Yiuf
  4236 | D:5      | Reached skill level 9 in Axes
  4236 | D:5      | Reached XP level 8. HP: 31/71 MP: 8/8
  4516 | D:5      | Noticed Dowan
  4537 | D:5      | Killed Dowan
  4626 | D:5      | Noticed Duvessa
  4644 | D:5      | Killed Duvessa
  4682 | D:5      | Found a staircase to the Ecumenical Temple.
  4690 | Temple   | Entered the Ecumenical Temple
  4786 | D:6      | Reached skill level 10 in Axes
  4824 | D:6      | Noticed a yak
  4824 | D:6      | Noticed a yak
  4824 | D:6      | Noticed a yak
  4836 | D:6      | Noticed a yak
  4842 | D:6      | Killed a yak
  4842 | D:6      | Noticed a yak
  4849 | D:6      | Killed a yak
  4856 | D:6      | Killed a yak
  4857 | D:6      | Reached skill level 11 in Axes
  4872 | D:6      | Killed a yak
  4873 | D:6      | Reached XP level 9. HP: 48/80 MP: 9/9
  5025 | D:6      | Found a runed translucent gate.
  5025 | D:6      | Found a runed translucent gate.
  5025 | D:6      | Found a runed translucent gate.
  5030 | D:6      | Noticed Kazon's ghost (novice OnGl)
  5030 | D:6      | Noticed Weaver's ghost (novice TrGl)
  5196 | D:6      | Found a shimmering blue altar of Sif Muna.
  5281 | D:6      | Found a large runed translucent door.
  5281 | D:6      | Found a large runed translucent door.
  5297 | D:6      | Noticed a troll
  5316 | D:6      | Killed a troll
  5317 | D:6      | Reached skill level 12 in Axes
  5513 | D:6      | Noticed a purple ugly thing
  5519 | D:6      | Found a large runed translucent door.
  5519 | D:6      | Found a large runed translucent door.
  5569 | D:6      | Killed a purple ugly thing
  5688 | D:6      | Reached skill level 13 in Axes
  5699 | D:6      | Noticed a two-headed ogre
  5707 | D:6      | Killed a two-headed ogre
  5708 | D:6      | Reached XP level 10. HP: 83/91 MP: 10/10
  5842 | D:6      | Found Rodwameu's Jewellery Shoppe.
  5999 | D:6      | Killed Kazon's ghost
  6000 | D:6      | Reached skill level 14 in Axes
  6006 | D:6      | Killed Weaver's ghost
  6263 | D:7      | Noticed Maggie
  6276 | D:7      | Killed Maggie
  6348 | D:7      | Reached skill level 10 in Fighting
  6669 | D:7      | Noticed Joseph
  6686 | D:7      | Killed Joseph
  7013 | D:7      | Noticed Jeremiah
  7026 | D:7      | Killed Jeremiah
  7027 | D:7      | Reached skill level 15 in Axes
  7294 | D:8      | Reached XP level 11. HP: 101/101 MP: 11/11
  7527 | D:8      | Found Xeacheej's Antique Weapon Boutique.
  8062 | D:8      | Reached *** piety under Trog
  8642 | D:9      | Noticed a sixfirhy
  8648 | D:9      | Reached skill level 16 in Axes
  9180 | D:9      | Found a staircase to the Lair.
  9222 | D:9      | Noticed Erolcha
  9235 | Abyss:1  | Cast into level 1 of the Abyss (Erolcha)
  9344 | Abyss:1  | Noticed a tentacled starspawn
  9350 | Abyss:1  | Killed a tentacled starspawn
  9351 | Abyss:1  | Reached skill level 10 in Armour
  9368 | Abyss:1  | Noticed a tentacled starspawn
  9368 | Abyss:1  | Noticed a deep elf demonologist
  9373 | Abyss:1  | Noticed a lorocyproca
  9375 | Abyss:1  | Killed a tentacled starspawn
  9376 | Abyss:1  | Reached skill level 17 in Axes
  9378 | Abyss:1  | Noticed a Hell Sentinel
  9383 | Abyss:1  | Slain by a lorocyproca

Illustrated notes

Levels and vault maps discovered:
D:1:      psy_arrival_spokes, layout_loops_ring
D:2:      layout_basic, minmay_liquid_box
D:3:      layout_basic, serial_shops, nicolae_shop_tiny_glass,
          minmay_misc_feat_plants, minivault_14
D:4:      layout_loops_cross, grunt_decor_resistance, hangedman_glass_teeth
D:5:      layout_basic, minmay_overflow_temple_hex,
          minmay_temple_entry_large_hall, serial_shops, shop,
          uniq_crazy_yiuf_cottage, uniq_duvessa
D:6:      layout_basic, mainiacjoe_overflow_alcove_4, serial_shops,
          nicolae_shop_tiny_statue_garden, gammafunk_ghost_cemetery,
          minmay_hollow_rounded_squares
D:7:      layout_basic, serial_corexii_hall, corexii_hall_statues_l,
          chequers_hall_statues_wall_a, uniq_jeremiah, uniq_maggie, uniq_joseph
D:8:      layout_cave_pools, serial_gnoll_camp, gnoll_camp_mini_loothouse,
          gnoll_camp_medium_01, gnoll_camp_mini_hut, gnoll_camp_mini_shop,
          gnoll_camp_mini_house
D:9:      minmay_the_grid_four_pointed_star
          [minmay_the_grid_triangle_9x9_zippers_horizontal,
          minmay_the_grid_triangle_9x9_corruption,
          minmay_the_grid_triangle_9x9_odd_lines,
          minmay_the_grid_triangle_9x9_checkered,
          minmay_the_grid_prize_four_corners], layout_small_grid,
          mainiacjoe_overflow_catwalk, erik_lair_orcish_takeover, uniq_erolcha
Temple:   jpeg_temple_clearing
Abyss:1:  base: D:3, evilmike_abyss_exit_10

Skill      XL: |  1  2  3  4  5  6  7  8  9 10 11 |
---------------+----------------------------------+-----
Fighting       | 4 5 6 7 9 10 11 | 11.7
Axes           | 5 6 7 9 11 13 15 17 | 17.1
Armour         | 3 4 5 6 8 9 10 | 10.4
Dodging        | |  1.5

Action                     |  1- 3 |  4- 6 |  7- 9 | 10-12 || total
---------------------------+-------+-------+-------+-------++-------
  Melee: Hand axe          |    81 |   145 |   276 |       ||   502
         Punch             |       |     1 |       |       ||     1
         Battleaxe         |       |       |    10 |   307 ||   317
 Invoke: Berserk           |       |     4 |    13 |     9 ||    26
         Trog's Hand       |       |       |     4 |     1 ||     5
    Use: Scroll            |       |       |    11 |     7 ||    18
         Potion            |       |       |     4 |     1 ||     5
   Stab: Distracted        |       |       |     1 |       ||     1
 Armour: Ring mail         |    36 |    24 |       |       ||    60
         Chain mail        |       |    38 |   128 |    46 ||   212
         Skin              |       |       |    59 |       ||    59
         Swamp dragon scal |       |       |       |   129 ||   129
  Dodge: Dodged            |    47 |    93 |   146 |   236 ||   522
